AoeStats
← jcdanzig

Hill Fort

505539766Analyzed
2v2 RM · 24d ago on Sep 9, 2026· 27m 12s· 4 players
Game mode
Random Map
Map size
Medium (4 player)
Population
200
Speed
Normal
Resources
Standard
Victory
Conquest
Starting age
Dark Age
Ending age
Imperial Age
RankedLock teamsTeams togetherTeam positionsShared explorationLock speedFull tech treeHidden civsTurbo modeCheats
Victory
Defeat
🇨🇱 Koreans · Chile
2050
+4
🇦🇺 Georgians · Australia
1947
+6
🇫🇷 Bulgarians · France
1780
-6
🇫🇷 Magyars · France
1632
-4
TocToc.Marc-A
11:02 Feudal Age
14:54 Castle Age
13:21 Double-Bit Axe
14:13 Horse Collar
15:50 Loom
16:22 Town Watch
17:16 Wheelbarrow
17:15 Bow Saw
21:36 Scale Barding Armor
22:41 Bloodlines
24:21 Chain Barding Armor
24:55 Husbandry
24:57 Town Watch
Lianki
8:43 Feudal Age
9:28 Double-Bit Axe
9:32 Horse Collar
11:52 Loom
15:01 Wheelbarrow
18:51 Castle Age
17:24 Gold Mining
18:25 Fletching
18:46 Bloodlines
19:38 Bodkin Arrow
19:44 Padded Archer Armor
21:21 Ballistics
26:23 Husbandry
26:49 Leather Archer Armor
STORM | Noszombie
11:35 Feudal Age
9:55 Loom
11:43 Feudal Age
12:56 Double-Bit Axe
15:48 Castle Age
15:31 Horse Collar
17:09 Bow Saw
17:04 Heavy Plow
23:23 Scale Barding Armor
27:14 Wheelbarrow
27:14 Chain Barding Armor
jcdanzig
11:04 Feudal Age
15:26 Castle Age
13:38 Double-Bit Axe
14:16 Gold Mining
15:27 Horse Collar
17:17 Wheelbarrow
16:46 Fletching
17:37 Bow Saw
18:06 Bodkin Arrow
21:13 Loom
22:31 Ballistics
25:39 Husbandry
Connection lost

Rejoining the realm…

Still unreachable

The connection could not be restored.

Session expired

The server has moved on; the page needs a fresh start.